 Dungeon Crawl Stone Soup version 0.23.2 (webtiles) character file.

Game seed: 8511152446400992067

229 Borgoz the Ducker (level 6, 0/45 HPs)
             Began as a Ghoul Enchanter on Apr 4, 2019.
             Slain by a gnoll (6 damage)
             ... on level 4 of the Dungeon.
             The game lasted 00:04:24 (2316 turns).

Borgoz the Ducker (Ghoul Enchanter)                 Turns: 2316, Time: 00:04:25

Health: 0/45       AC: 16    Str: 12    XL:     6   Next: 3%
Magic:  7/7        EV:  3    Int: 10    God:
Gold:   103        SH:  0    Dex: 11    Spells: 7/8 levels left

rFire    . . .     SeeInvis .   a - +2 dagger
rCold    + . .     Gourm    .   (no shield)
rNeg     + + +     Faith    .   l - +0 plate armour
rPois    ∞         Spirit   .   e - +2 helmet
rElec    .         Reflect  .   (no cloak)
rCorr    .         Harm     .   k - +1 pair of gloves
MR       .....                  (no boots)
Stlth    ..........             (no amulet)
HPRegen  0.00/turn              (no ring)
MPRegen  0.10/turn              (no ring)

@: rotting
A: rotting body, claws 1, carnivore, cold resistance 1, negative energy
resistance 3, inhibited regeneration, torment resistance, unbreathing
a: no special abilities


You were on level 4 of the Dungeon.
You were not hungry.

You visited 1 branch of the dungeon, and saw 4 of its levels.

You collected 103 gold pieces.

Inventory:

Hand Weapons
 a - a +2 dagger (weapon)
Armour
 e - a +2 helmet (worn)
 k - a +1 pair of gloves (worn)
 l - a +0 plate armour (worn)
Scrolls
 g - a scroll of remove curse
Potions
 h - a potion of cancellation
Comestibles
 b - 5 chunks of flesh
 d - 4 rations


   Skills:
 + Level 3.0 Short Blades
 + Level 2.7 Armour
 + Level 3.4 Dodging
 - Level 3.2 Stealth
 - Level 1.7 Spellcasting
 - Level 2.4 Hexes


You had 7 spell levels left.
You knew the following spells:

 Your Spells              Type           Power        Failure   Level  Hunger
a - Corona                Hex            #......      100%        1    ##.....

Your spell library contained the following spells:

 Spells                   Type           Power        Failure   Level  Hunger
 Ensorcelled Hibernation  Hex/Ice        #.....       100%        2    ###....
 Confuse                  Hex            #.......     100%        3    ####...
 Dazzling Spray           Conj/Hex       #.....       100%        3    ####...
 Tukima's Dance           Hex            #.......     100%        3    ####...


Dungeon Overview and Level Annotations

Branches:
Dungeon (4/15)
 Temple: D:4-7

Altars:
Fedhas


Innate Abilities, Weirdness & Mutations

Your body is rotting away.
You thrive on raw meat.
You are immune to poison.
You have sharp fingernails.
You are carnivorous and can eat meat at any time.
Your flesh is cold resistant. (rC+)
You are immune to negative energy. (rN+++)
You do not regenerate when monsters are visible.
You are immune to unholy pain and torment.
You can survive without breathing.


Message History

Found a ration.
A kobold comes into view. It is wielding a +0 whip.
Found 10 gold pieces and a scroll of identify.
Found a stone staircase leading down.
You hit the kobold.
You kill the kobold!
The gnoll barely misses you.
Things that are here:
a +0 whip; 10 gold pieces Some of the chunks of flesh in your inventory have rotted away.
There is a stone staircase leading down here.
You climb downwards.
There is a stone staircase leading up here.
Your plate armour prevents you from hitting the gnoll.
The gnoll barely misses you.
You closely miss the gnoll. The gnoll barely misses you.
You hit the gnoll.
The gnoll is moderately wounded.
The gnoll hits you.
You die...

##
.##
##..#
#@g.#
###.#
#


You could see a gnoll.

Vanquished Creatures
  A bullfrog (D:3)
  A bullfrog zombie (D:2)
  Terence (D:2)
  2 gnolls (D:3)
  4 adders
  An ooze (D:2)
  2 orcs (D:3)
  2 bats (D:2)
  3 giant cockroaches
  5 goblins
  3 hobgoblins (D:1)
  3 jackals (D:2)
  5 kobolds
  2 quokkas (D:2)
  A ball python (D:1)
  5 frilled lizards
  10 rats
51 creatures vanquished.

Notes
Turn   | Place    | Note
-------+----------+-------------------------------------------
     0 | D:1      | Borgoz the Ghoul Enchanter began the quest for the Orb.
     0 | D:1      | Reached XP level 1. HP: 14/14 MP: 2/2
    25 | D:1      | Reached skill level 1 in Short Blades
   329 | D:1      | Reached XP level 2. HP: 19/20 MP: 3/3
   640 | D:2      | Reached skill level 1 in Armour
   668 | D:2      | Reached XP level 3. HP: 18/26 MP: 4/4
  1259 | D:2      | Found a blossoming altar of Fedhas.
  1273 | D:2      | Noticed Terence
  1314 | D:2      | Killed Terence
  1314 | D:2      | Reached XP level 4. HP: 11/33 MP: 5/5
  1921 | D:3      | Noticed a bullfrog
  1941 | D:3      | Killed a bullfrog
  1941 | D:3      | Reached XP level 5. HP: 25/38 MP: 6/6
  2296 | D:3      | Reached XP level 6. HP: 6/45 MP: 7/7
  2316 | D:4      | Slain by a gnoll

Skill      XL: |  1  2  3  4  5 |
---------------+----------------+-----
Short Blades   | 1 2 3 |  3.0
Dodging        | 2 3 |  3.4
Armour         | 1 2 |  2.7
Stealth        | |  3.2
Spellcasting   | |  1.7
Hexes          | |  2.4

Action                   |  1- 3 |  4- 6 || total
-------------------------+-------+-------++-------
Melee: Dagger            |   191 |   166 ||   357
  Use: Potion            |     1 |     3 ||     4
       Scroll            |       |     4 ||     4
 Stab: Sleeping          |     2 |       ||     2
  Eat: Chunk             |     5 |     1 ||     6
Armor: Robe              |     4 |       ||     4
       Plate armour      |   120 |   114 ||   234
Dodge: Dodged            |    22 |    25 ||    47
